 Dungeon Crawl Stone Soup version 0.30-a0-737-gf23d94013f (webtiles) character file.

Game seed: 11810519741400621054

877 retardedninja the Ducker (level 7, 0/55 HPs)
             Began as a Demonspawn Gladiator on Feb 2, 2023.
             Slain by a gnoll
             ... wielding a +0 club
              (3 damage)
             ... on level 5 of the Dungeon.
             The game lasted 00:10:18 (4821 turns).

retardedninja the Ducker (Demonspawn Gladiator)     Turns: 4821, Time: 00:10:19

Health: 0/55       AC:  7    Str: 16    XL:     7   Next: 75%
Magic:  7/7        EV: 13    Int:  9    God:
Gold:   148        SH:  0    Dex: 15    Spells: 6/6 levels left

rFire   . . .      SeeInvis .    t - +3 spear (heavy)
rCold   . . .      Faith    .    (no shield)
rNeg    . . .      Spirit   .    b - +0 leather armour
rPois   .          Reflect  .    c - +0 helmet
rElec   .          Harm     .    (no cloak)
rCorr   .          Rampage  .    (no gloves)
Will    .....                    l - +0 pair of boots
Stlth   +                        (no amulet)
HPRegen 0.29/turn                (no ring)
MPRegen 0.10/turn                (no ring)

@: lethally poisoned (0 -> -3), on berserk cooldown, slowed, very slow
A: hooves 2, slimy green scales 1, powered by death 1
a: no special abilities


You were on level 5 of the Dungeon.
You visited 1 branch of the dungeon, and saw 5 of its levels.

You collected 148 gold pieces.

Inventory:

Hand Weapons
 t - a +3 heavy spear (weapon)
Missiles
 e - a javelin (quivered)
Armour
 b - a +0 leather armour (worn)
 c - a +0 helmet (worn)
 l - a +0 pair of boots (worn)
Jewellery
 j - an amulet of magic regeneration
 m - a ring of fire
Scrolls
 g - 4 scrolls of teleportation
 i - a scroll of magic mapping {unknown}
 n - a scroll of enchant weapon
 o - a scroll of brand weapon {unknown}
 q - a scroll of enchant armour {unknown}
 r - a scroll of immolation {unknown}
Potions
 k - a potion of attraction
 u - 2 potions of haste
 v - a potion of degeneration


   Skills:
 + Level 4.8 Fighting
 + Level 4.8 Polearms
 + Level 4.3 Throwing
 + Level 4.8 Dodging


You had 6 spell levels left.
You didn't know any spells.
Your spell library contained the following spells:

 Spells                   Type           Power      Damage    Failure   Level
 Beastly Appendage        Tmut           0%         N/A       45%         1
 Ensorcelled Hibernation  Hex/Ice        0%         N/A       58%         2
 Wereblood                Tmut           0%         N/A       58%         2
 Frozen Ramparts          Ice            0%         1d1       83%         3
 Gell's Gravitas          Tloc           0%         N/A       83%         3
 Spider Form              Tmut/Pois      0%         N/A       83%         3
 Teleport Other           Tloc           0%         N/A       83%         3
 Ice Form                 Ice/Tmut       0%         N/A       99%         4
 Sticky Flame             Conj/Fire      0%         2d3       99%         4
 Summon Ice Beast         Ice/Summ       0%         N/A       99%         4
 Fireball                 Conj/Fire      0%         3d3       100%        5
 Dispersal                Tloc           0%         N/A       100%        6
 Ignition                 Fire           0%         3d3       100%        8


Dungeon Overview and Level Annotations

Branches:
Dungeon (5/15)             Temple (0/1) D:5

Altars:

Shops:
D:1 ?


Innate Abilities, Weirdness & Mutations

You have hoof-like feet.
You are partially covered in slimy green scales. (AC +2)
You regenerate a little health from kills.


Message History

You feel sick. The gnoll hits you with a +0 club.
You closely miss the adder.
You feel sick. The adder barely misses you. The gnoll hits you with a +0 club.
You miss the adder.
You feel sick. The adder closely misses you. The gnoll barely misses you.
You barely miss the adder.
You are no longer berserk.
You are exhausted.
You feel yourself slow down.
You feel sick. The adder bites you.
You are more poisoned.
The adder poisons you! The gnoll closely misses you.
You hit the adder. Your punch misses the adder.
The adder is heavily wounded.
You feel very sick. The adder closely misses you. The adder bites you.
* * * LOW HITPOINT WARNING * * *
You are more poisoned.
The adder poisons you! The gnoll barely misses you.
The adder bites you but does no damage. The gnoll barely misses you.
You hit the adder.
The adder is severely wounded.
* * * LOW HITPOINT WARNING * * *
You feel very sick. The adder closely misses you. The gnoll barely misses you.
The adder bites you but does no damage. The gnoll hits you with a +0 club.
* * * LOW HITPOINT WARNING * * *
The adder bites you but does no damage.
It was a potion of magic.
Magic courses through your body.
* * * LOW HITPOINT WARNING * * *
You feel very sick. The adder misses you. The gnoll barely misses you.
The adder bites you but does no damage.
Okay, then.
Sorry, you're not good enough to have a special ability.
As you read the scroll labelled YROUFO JAFOVI, it crumbles to dust.
It is a scroll of enchant weapon.
Your +2 heavy spear glows red for a moment.
* * * LOW HITPOINT WARNING * * *
You feel sick. The gnoll hits you with a +0 club.
You die...

#...##.#.# #.##
#........# #...
.###....<.... # #..#
......##>... #. #..#
............
###.##..##
#.#..####...
.........####.#..#
#... #...Sg..##.#..#
#...
#...@)........####...
#.#.)##..............
#....####.##.####..#
#...#..# #....####..#
....#
...####.........
#####.>.# ##..#
#.#......# ...#....
.## #.#.###.##
..#...#. # #.#.# #.#
## .....# #. .# #.#


You could see a gnoll and an adder.

Vanquished Creatures
  A water moccasin (D:5)
  2 black bears
  3 scorpions
  2 hounds
  A gnoll bouda (D:3)
  An orc priest (D:4)
  A jelly (D:3)
  Jessica (D:2)
  An iguana (D:5)
  An orc wizard (D:4)
  3 gnolls
  8 adders
  An ufetubus (D:4)
  2 worms
  3 dart slugs
  2 orcs (D:4)
  10 endoplasms
  5 giant cockroaches
  7 goblins
  7 hobgoblins
  4 jackals (D:1)
  3 quokkas
  10 ball pythons
  3 bats
  2 frilled lizards
  4 kobolds
  10 rats
98 creatures vanquished.

Notes
Turn   | Place    | Note
-------+----------+-------------------------------------------
     0 | D:1      | retardedninja the Demonspawn Gladiator began the quest for
                  | the Orb.
     0 | D:1      | Reached XP level 1. HP: 16/16 MP: 1/1
   168 | D:1      | Found Nuach's Magic Scroll Shop.
   195 | D:1      | Gained mutation: You regenerate a little health from kills.
                  | [demonic ancestry]
   195 | D:1      | Reached XP level 2. HP: 18/22 MP: 2/2
   844 | D:1      | Reached XP level 3. HP: 27/28 MP: 3/3
  1185 | D:2      | Noticed Jessica
  1194 | D:2      | Killed Jessica
  1341 | D:2      | Gained mutation: You are partially covered in slimy green
                  | scales. (AC +2) [demonic ancestry]
  1341 | D:2      | Reached XP level 4. HP: 34/34 MP: 4/4
  2490 | D:3      | Reached XP level 5. HP: 41/41 MP: 5/5
  2824 | D:4      | Noticed a black bear
  3414 | D:3      | Killed a black bear
  3415 | D:3      | Gained mutation: You have large cloven feet. [demonic
                  | ancestry]
  3415 | D:3      | Reached XP level 6. HP: 30/48 MP: 6/6
  4134 | D:4      | Gained mutation: You have hoof-like feet. [demonic
                  | ancestry]
  4134 | D:4      | Reached XP level 7. HP: 54/54 MP: 7/7
  4139 | D:4      | Got the Papyrus of Frost and the Bonfire
  4375 | D:5      | Entered Level 5 of the Dungeon
  4431 | D:5      | Found a staircase to the Ecumenical Temple.
  4821 | D:5      | Slain by a gnoll

Illustrated notes

Levels and vault maps discovered:
D:1:      dpeg_chamrin_arrival_tetris, layout_basic, serial_shops,
          nicolae_diamond_shop, chequers_avenue
D:2:      layout_basic, serial_glass, glass_columns_a, glass_columns_a,
          glass_columns_a, glass_columns_c, chequers_garden, uniq_jessica
D:3:      minmay_door_path, layout_basic, minmay_liquid_box, hex_large,
          minivault_25
D:4:      kennysheep_the_goblin_king, layout_basic, st_stairs_5,
          minmay_checkerbox
D:5:      layout_loops_ring, minmay_temple_entry_arrows, grunt_tough_drop

Skill      XL: |  1  2  3  4  5  6  7 |
---------------+----------------------+-----
Throwing       | 2 3 4 |  4.3
Polearms       | 3 4 |  4.8
Dodging        | 3 4 |  4.8
Fighting       | 3 4 |  4.8

Action                     |  1- 3 |  4- 6 |  7- 9 || total
---------------------------+-------+-------+-------++-------
  Melee: Trident           |   117 |    66 |       ||   183
         Spear             |       |    97 |    76 ||   173
         Punch             |       |       |     3 ||     3
  Throw: Throwing net      |       |     7 |       ||     7
         Javelin           |       |     4 |       ||     4
    Use: Potion            |       |     1 |     7 ||     8
         Scroll            |       |     4 |     4 ||     8
   Stab: Sleeping          |     4 |       |     1 ||     5
         Held in net/web   |       |     1 |       ||     1
 Armour: Leather armour    |    54 |    73 |    49 ||   176
  Dodge: Dodged            |   110 |   170 |    78 ||   358

Table legend: (Time is in decaauts)
 A = Elapsed time spent in this place.
 B = Non-inter-level travel time spent in this place.
 C = Inter-level travel time spent in this place.
 D = Time resting spent in this place.
 E = Time spent auto-exploring this place.
 F = Levels seen in this place.
 G = Mean time per level.
                   A        B        C        D        E       F      G
               +--------+--------+--------+--------+--------+-----+--------+
         Total |   4872 |   4770 |    102 |   1383 |   2506 |   5 |  974.4 |
       Dungeon |   4872 |   4770 |    102 |   1383 |   2506 |   5 |  974.4 |
               +--------+--------+--------+--------+--------+-----+--------+

Top non-repeatable levels by time:
     D:3: 1421 daAuts
     D:4: 1245 daAuts
     D:1: 1165 daAuts
     D:2: 913 daAuts
     D:5: 126 daAuts
